 Dungeon Crawl Stone Soup version 0.30-a0-125-g51eefa89be (webtiles) character file.

Game seed: 1224281007976609776

50 Ofeo the Vexing (level 3, 0/27 HPs)
             Began as a Demonspawn Hexslinger on Sept 18, 2022.
             Shot with a sling bullet by Robin (6 damage)
             ... on level 2 of the Dungeon.
             The game lasted 00:04:07 (2660 turns).

Ofeo the Vexing (Demonspawn Hexslinger)             Turns: 2660, Time: 00:04:07

Health: 0/27       AC:  2    Str: 10    XL:     3   Next: 55%
Magic:  4/5        EV: 12    Int: 14    God:
Gold:   78         SH:  0    Dex: 15    Spells: 1/5 levels left

rFire   . . .      SeeInvis .    a - +1 sling
rCold   . . .      Faith    .    (no shield)
rNeg    . . .      Spirit   .    c - +0 robe
rPois   .          Reflect  .    (no helmet)
rElec   .          Harm     .    (no cloak)
rCorr   .          Rampage  .    (no gloves)
Will    .....                    (no boots)
Stlth   +.........               (no amulet)
HPRegen 0.09/turn                (no ring)
MPRegen 0.09/turn                (no ring)

@: mighty
A: powered by pain 1
a: no special abilities


You were on level 2 of the Dungeon.
You visited 1 branch of the dungeon, and saw 2 of its levels.

You collected 78 gold pieces.

Inventory:

Hand Weapons
 a - a +1 sling (weapon)
Missiles
 f - 2 throwing nets
Armour
 c - a +0 robe (worn)
Scrolls
 b - a scroll of poison
 i - a scroll of torment {unknown}
Potions
 d - a potion of curing {unknown}
 e - 2 potions of haste {@q3}
 g - a potion of flight {unknown}
 h - a potion of heal wounds {@q2}
 j - a potion of resistance {@q6}
 l - a potion of might {unknown}


   Skills:
 + Level 1.6 Fighting
 + Level 2.2 Ranged Weapons
 + Level 2.2 Dodging
 + Level 1.6 Spellcasting
 + Level 3.3 Hexes


You had one spell level left.
You knew the following spells:

 Your Spells              Type           Power      Damage    Failure   Level
a - Slow                  Hex            40%        N/A       6%          1
b - Inner Flame           Hex/Fire       5%         N/A       36%         3

Your spell library contained the following spells:

 Spells                   Type           Power      Damage    Failure   Level
 Portal Projectile        Hex/Tloc       10%        N/A       36%         3
 Summon Guardian Golem    Hex/Summ       5%         N/A       36%         3
 Cause Fear               Hex            5%         N/A       52%         4
 Orb of Destruction       Conj           0%         9d5       100%        7
 Spellforged Servitor     Conj/Summ      0%         N/A       100%        7


Dungeon Overview and Level Annotations

Branches:
Dungeon (2/15)

Altars:

Annotations:
D:2 Robin


Innate Abilities, Weirdness & Mutations

You sometimes gain a little power by taking damage.


Message History

You kill the hobgoblin!
Robin shoots a sling bullet.
The sling bullet closely misses you.
Fire: a) +1 sling
Press: ? - help, Q - select action, (/) - cycle Shift-Dir - straight line, f/p - Robin
Aim: Robin, wielding a +0 sling, wearing a +0 animal skin and wearing a +0 helmet (heavily wounded, slow, 65% to hit)
You shoot a sling bullet. The sling bullet barely misses Robin.
The sling bullet barely misses the hobgoblin.
Robin shoots a sling bullet.
The sling bullet misses you.
Fire: a) +1 sling
Press: ? - help, Q - select action, (/) - cycle Shift-Dir - straight line, f/p - Robin
Aim: Robin, wielding a +0 sling, wearing a +0 animal skin and wearing a +0 helmet (heavily wounded, slow, 65% to hit)
You shoot a sling bullet. The sling bullet closely misses Robin.
The sling bullet hits the hobgoblin.
The hobgoblin is moderately wounded.
Fire: a) +1 sling
Press: ? - help, Q - select action, (/) - cycle Shift-Dir - straight line, f/p - Robin
Aim: Robin, wielding a +0 sling, wearing a +0 animal skin and wearing a +0 helmet (heavily wounded, slow, 65% to hit)
You shoot a sling bullet. The sling bullet barely misses Robin.
The sling bullet completely misses the hobgoblin.
Robin roars a battlecry!
You hear a shout!
Fire: a) +1 sling
Press: ? - help, Q - select action, (/) - cycle Shift-Dir - straight line, f/p - Robin
Aim: Robin, wielding a +0 sling, wearing a +0 animal skin and wearing a +0 helmet (heavily wounded, slow, 65% to hit)
You shoot a sling bullet. The sling bullet hits Robin.
Robin is severely wounded.
Robin shoots a sling bullet.
The sling bullet hits you!
You take 7 damage, and have 9/27 hp.
MASSIVE DAMAGE!!
Fire: a) +1 sling
Press: ? - help, Q - select action, (/) - cycle Shift-Dir - straight line, f/p - Robin
Aim: Robin, wielding a +0 sling, wearing a +0 animal skin and wearing a +0 helmet (severely wounded, slow, 65% to hit)
You shoot a sling bullet.
The sling bullet hits Robin but does no damage.
Robin is severely wounded.
Robin shoots a sling bullet.
The sling bullet hits you.
* * * LOW HITPOINT WARNING * * *
You take 3 damage, and have 6/27 hp.
Robin is no longer moving slowly.
Robin shoots a sling bullet.
The sling bullet hits you.
You die...

#g# #.# #.#......# #g#
###.# #.#.###### #.#
##...## #.#.# #.#
#.###.######## #.#.# #.#
#.# #........# #.#.#
..###.###.######.## #.#.##
.g.......#######..###....#
#..#....ggg........####..#
......#.########@.## #..#
##.#......# #..# #..#
#.##..###.# #..# #..#
......# #.# ###..#####..#
####..###.# #...........#
..........# ##.#..####.#.#
..#..####.# #.....# #รท#.#
..#..# #.# #..#.#####.#.#
..#..# #.# #..#.........#


You could see Robin and a hobgoblin (strong).

Vanquished Creatures
  A worm (D:2)
  4 bats
  3 endoplasms (D:1)
  9 goblins
  10 hobgoblins
  3 quokkas (D:1)
  2 ball pythons (D:2)
  5 frilled lizards
  6 rats
43 creatures vanquished.

Notes
Turn   | Place    | Note
-------+----------+-------------------------------------------
     0 | D:1      | Ofeo the Demonspawn Hexslinger began the quest for the Orb.
     0 | D:1      | Reached XP level 1. HP: 15/15 MP: 2/2
   348 | D:1      | Found a faded altar of an unknown god.
   489 | D:1      | Gained mutation: You sometimes gain a little power by
                  | taking damage. [demonic ancestry]
   489 | D:1      | Reached XP level 2. HP: 21/21 MP: 0/3
  1781 | D:2      | Reached XP level 3. HP: 26/26 MP: 5/5
  1873 | D:2      | Learned a level 3 spell: Inner Flame
  2071 | D:2      | Noticed Robin
  2660 | D:2      | Shot with a sling bullet by Robin

Illustrated notes

Levels and vault maps discovered:
D:1:      shiori_arrival_oz, layout_basic, ebering_ecumenical_altar_abandoned,
          roderic_lattice_a
D:2:      layout_loops_ring, grunt_ministairs_14, minmay_between, uniq_robin

Skill      XL: |  1  2 |
---------------+-------+-----
Ranged Weapons | 2 |  2.2
Dodging        | 2 |  2.2
Fighting       | |  1.6
Spellcasting   | |  1.6
Hexes          | |  3.3

Action                   || total
-------------------------++-------
 Fire: Sling             ||   155
 Cast: Slow              ||    33
  Use: Scroll            ||     5
Armor: Robe              ||    13
Dodge: Dodged            ||    53

Table legend: (Time is in decaauts)
 A = Elapsed time spent in this place.
 B = Non-inter-level travel time spent in this place.
 C = Inter-level travel time spent in this place.
 D = Time resting spent in this place.
 E = Time spent auto-exploring this place.
 F = Levels seen in this place.
 G = Mean time per level.
                   A        B        C        D        E       F      G
               +--------+--------+--------+--------+--------+-----+--------+
         Total |   2707 |   2593 |    114 |    537 |   1572 |   2 | 1353.5 |
       Dungeon |   2707 |   2593 |    114 |    537 |   1572 |   2 | 1353.5 |
               +--------+--------+--------+--------+--------+-----+--------+

Top non-repeatable levels by time:
     D:1: 1991 daAuts
     D:2: 716 daAuts
